 Dungeon Crawl Stone Soup version 0.29-a0-721-g7f417c9bbb (webtiles) character file.

Game seed: 7572472809027694916

2233 blackman the Cleaver (level 9, -1/47 (63) HPs)
             Began as a Human Delver on June 28, 2022.
             Was a Priest of Zin.
             Slain by a wight
             ... wielding a +5 halberd
              (4 damage)
             ... on level 7 of the Dungeon.
             The game lasted 00:22:48 (12211 turns).

blackman the Cleaver (Human Delver)                Turns: 12211, Time: 00:22:48

HP:   -1/47 (63)    AC: 10    Str: 17    XL:     9   Next: 62%
MP:   11/11         EV:  7    Int: 10    God:    Zin [***...]
Gold: 310           SH:  0    Dex: 15    Spells: 8/8 levels left

rFire   . . .      SeeInvis +   F - +0 war axe
rCold   . . .      Faith    .   (no shield)
rNeg    . . .      Spirit   .   f - +0 chain mail
rPois   .          Reflect  .   (no helmet)
rElec   .          Harm     .   (no cloak)
rCorr   .          Rampage  .   h - +0 pair of gloves
Will    .....                   (no boots)
Stlth   ..........              (no amulet)
HPRegen 0.15/turn               B - ring of see invisible
MPRegen 0.12/turn               (no ring)

@: on recite cooldown, very heavily drained
A: talons 1
a: Renounce Religion, Recite, Vitalisation, Imprison, Donate Gold


You were on level 7 of the Dungeon.
You worshipped Zin.
Zin was most pleased with you.
You visited 2 branches of the dungeon, and saw 8 of its levels.

You collected 344 gold pieces.
You donated 34 gold pieces to Zin.

Inventory:

Hand Weapons
 a - a +0 hand axe
 e - a +0 trident
 F - a +0 war axe (weapon)
Missiles
 s - 22 poisoned darts (quivered)
 x - a curare-tipped dart
Armour
 b - a +0 leather armour
 f - a +0 chain mail (worn)
 h - a +0 pair of gloves (worn)
 u - +0 gold dragon scales
 y - a scarf of harm
Jewellery
 B - a ring of see invisible (left hand)
Wands
 g - a wand of digging (3)
 D - a wand of flame (2)
 G - a wand of polymorph (3)
Scrolls
 c - 2 scrolls of fog
 d - 12 scrolls of identify {unknown}
 j - 2 scrolls of silence {unknown}
 l - a scroll of enchant armour {unknown}
 n - a scroll of magic mapping
 o - 3 scrolls of amnesia {unknown}
 p - 2 scrolls of teleportation
 v - 3 scrolls of vulnerability {unknown}
 E - a scroll of brand weapon {unknown}
Potions
 i - 2 potions of lignification
 k - a potion of flight {unknown}
 m - 2 potions of might
 q - a potion of ambrosia {unknown}
 r - 2 potions of mutation
 t - a potion of attraction {unknown}
 w - a potion of resistance {unknown}
 z - a potion of brilliance
 A - a potion of invisibility {unknown}
 C - a potion of heal wounds {unknown}


   Skills:
 - Level 3.0 Fighting
 - Level 11.4 Axes
 * Level 3.0 Armour
 - Level 2.0 Dodging
 - Level 5.0 Stealth
 * Level 3.3 Invocations


You had 8 spell levels left.
You didn't know any spells.
Your spell library contained the following spells:

 Spells                   Type           Power      Damage    Failure   Level
 Gell's Gravitas          Tloc           0%         N/A       100%        3
 Teleport Other           Tloc           0%         N/A       100%        3
 Fulminant Prism          Conj/Hex       0%         3d6       100%        4
 Iskenderun's Mystic Bla  Conj/Tloc      0%         2d3       100%        4
 Lee's Rapid Deconstruct  Erth           0%         3d5*      100%        5
 Dispersal                Tloc           0%         N/A       100%        6


Dungeon Overview and Level Annotations

Branches:
Dungeon (7/15)             Temple (1/1) D:6

Altars:
Ashenzari
Cheibriados
Dithmenos
Elyvilon
Fedhas
Gozag
Kikubaaqudgha
Makhleb
Nemelex Xobeh
Qazlal
Ru
Sif Muna
Trog
Vehumet
Wu Jian
Xom
Zin
The Shining One

Shops:
D:1 =   D:6 =


Innate Abilities, Weirdness & Mutations

You have sharp toenails.


Message History

HP restored.
You start waiting.
Done waiting.
You start waiting.
Done waiting.
You climb downwards.
There is a stone staircase leading up here.
Activating: Recite (1% risk of failure)
Press: ? - help, Dir - look around, f - activate You clear your throat and prepare to recite. "To those who would swear an oath of harmony on my altar..." "...I bring ye salvation.
To the rest, ye hordes of the Abyss..."
The wight hits you with a +5 halberd!
You slash the wight! Your kick misses the wight.
The wight is heavily damaged.
The wight closely misses you.
You closely miss the wight. Your kick misses the wight.
The wight is heavily damaged. "...and the discordant, the name of Zin shall be thy damnation."
You finish reciting Abominations 20:28.
The wight misses you.
You hit the wight. Your kick misses the wight.
The wight is severely damaged.
The wight hits you with a +5 halberd.
You hit the wight but do no damage.
The wight is heavily damaged.
The wight hits you with a +5 halberd!
You feel drained.
You closely miss the wight. Your kick misses the wight.
The wight is heavily damaged.
The wight hits you with a +5 halberd.
* * * LOW HITPOINT WARNING * * *
You hit the wight. Your kick misses the wight.
The wight is almost destroyed.
The wight closely misses you.
You barely miss the wight.
The wight is almost destroyed.
The wight hits you with a +5 halberd!
* * * LOW HITPOINT WARNING * * *
You feel drained.
You die...

######## #<@z...# ######.#
#.# #.# #.# #.####
####################....####
>................(.........#
.#'#################....##.#


You could see a wight.

Vanquished Creatures
  A steam dragon (D:6)
  A water moccasin (D:7)
  A sky beast (D:6)
  A black bear (D:4)
  An ice beast (D:5)
  An ogre (D:6)
  2 centaurs
  3 phantoms
  A kobold brigand (D:6)
  4 bullfrogs
  A scorpion (D:6)
  A necrophage (D:5)
  3 wights (D:7)
  3 killer bees (D:7)
  A howler monkey (D:5)
  A jelly (D:7)
  2 hounds
  2 orc priests (D:7)
  5 iguanas
  7 adders
  2 shadow imps
  2 white imps
  An ufetubus (D:4)
  5 worms
  4 dart slugs
  13 orcs
  2 bats (D:2)
  5 endoplasms
  4 giant cockroaches
  5 goblins
  5 hobgoblins
  2 quokkas
  6 ball pythons
  7 frilled lizards
  15 kobolds
  4 rats
124 creatures vanquished.

Notes
Turn   | Place    | Note
-------+----------+-------------------------------------------
     0 | D:5      | blackman the Human Delver began the quest for the Orb.
     0 | D:5      | Reached XP level 1. HP: 18/18 MP: 1/1
    49 | D:6      | Found a staircase to the Ecumenical Temple.
    54 | Temple   | Entered the Ecumenical Temple
   311 | Temple   | Became a worshipper of Elyvilon the Healer
   353 | D:6      | Noticed a kobold brigand
   431 | D:6      | Noticed a sky beast
   431 | D:6      | Noticed a phantom
   476 | D:6      | Noticed a centaur
   489 | D:6      | Killed a centaur
   490 | D:6      | Reached skill level 4 in Axes
   490 | D:6      | Reached XP level 2. HP: 1/24 MP: 2/2
   490 | D:6      | Reached XP level 3. HP: 2/29 MP: 3/3
   490 | D:6      | Reached XP level 4. HP: 2/35 MP: 4/4
   788 | D:5      | Noticed a necrophage
   793 | D:5      | Noticed an ice beast
   814 | D:5      | Reached * piety under Elyvilon
   845 | D:4      | Reached XP level 5. HP: 28/41 MP: 5/5
   857 | D:4      | Reached skill level 5 in Axes
  1158 | D:3      | Reached ** piety under Elyvilon
  1859 | D:1      | Reached *** piety under Elyvilon
  1931 | D:1      | Reached XP level 6. HP: 47/47 MP: 6/6
  2010 | D:1      | Found a faded altar of an unknown god.
  2081 | D:1      | Found Wiseloch's Jewellery Shoppe.
  2751 | D:2      | Reached **** piety under Elyvilon
  3037 | D:2      | Reached skill level 6 in Axes
  4059 | D:4      | Found an opulent altar of Gozag.
  4270 | D:4      | Reached ***** piety under Elyvilon
  4444 | D:4      | Noticed a black bear
  4464 | D:4      | Killed a black bear
  4474 | D:4      | Reached XP level 7. HP: 39/52 MP: 7/7
  4673 | D:5      | Reached skill level 7 in Axes
  5369 | D:5      | Reached skill level 8 in Axes
  5688 | D:5      | Reached XP level 8. HP: 54/58 MP: 8/8
  6058 | D:6      | Reached skill level 9 in Axes
  7201 | D:6      | Reached skill level 10 in Axes
  9192 | D:6      | Reached XP level 9. HP: 33/63 MP: 9/9
  9451 | D:6      | Found Huugye's One-of-a-Kind Rings.
  9604 | D:7      | Reached skill level 11 in Axes
 10421 | D:7      | Reached skill level 1 in Invocations
 10424 | D:7      | Reached skill level 1 in Armour
 10901 | D:7      | Found a sacrificial altar of Ru.
 11307 | D:7      | Found a shadowy altar of Dithmenos.
 11336 | D:7      | Gained mutation: You have sharp toenails. [potion of
                  | mutation]
 11868 | Temple   | Fell from the grace of Elyvilon
 11868 | Temple   | Became a worshipper of Zin the Law-Giver
 11868 | Temple   | Reached * piety under Zin
 11868 | Temple   | Reached ** piety under Zin
 11868 | Temple   | Reached *** piety under Zin
 12211 | D:7      | Slain by a wight

Illustrated notes

Levels and vault maps discovered:
D:1:      minmay_arrival_four_houses, layout_basic, serial_shops, shop,
          ebering_ecumenical_altar_abandoned
D:2:      layout_loops_cross
D:3:      layout_basic, grunt_ministairs_8
D:4:      layout_cave_pods, grunt_gozag_breadcrumbs
D:5:      minmay_evil_eye, layout_rooms, serial_corexii_hall,
          chequers_hall_statues_corner_a, chequers_hall_statues_corner_a
D:6:      nicolae_cairo_tiling_very_big, layout_basic, temple_fountains,
          roderic_lattice_a, nicolae_shop_unique_rings
D:7:      layout_basic, mainiacjoe_overflow_catwalk_spiral,
          kennysheep_nondescript
Temple:   bh_familiar_temple

Skill      XL: |  1  2  3  4  5  6  7  8  9 |
---------------+----------------------------+-----
Axes           | 4 5 6 8 10 11 | 11.4
Invocations    | 3 |  3.3
Armour         | 3 |  3.0
Fighting       | |  3.0
Dodging        | |  2.0
Stealth        | |  5.0

Action                   |  1- 3 |  4- 6 |  7- 9 || total
-------------------------+-------+-------+-------++-------
Melee: Hand axe          |    12 |    23 |       ||    35
       Trident           |       |   218 |   261 ||   479
       Punch             |       |     3 |     5 ||     8
       War axe           |       |       |    70 ||    70
       Kick              |       |       |     5 ||     5
       Unarmed           |       |       |     3 ||     3
Throw: Dart              |       |     3 |     9 ||    12
Invok: Heal Self         |       |       |     5 ||     5
       Recite            |       |       |     3 ||     3
Evoke: Wand              |       |       |     7 ||     7
  Use: Potion            |     1 |     1 |    11 ||    13
       Scroll            |     1 |     1 |     4 ||     6
 Stab: Sleeping          |     1 |       |       ||     1
Armor: Leather armour    |     6 |     3 |       ||     9
       Chain mail        |       |   111 |   177 ||   288
       Skin              |       |       |     2 ||     2
Dodge: Dodged            |    13 |    81 |   115 ||   209

Table legend: (Time is in decaauts)
 A = Elapsed time spent in this place.
 B = Non-inter-level travel time spent in this place.
 C = Inter-level travel time spent in this place.
 D = Time resting spent in this place.
 E = Time spent auto-exploring this place.
 F = Levels seen in this place.
 G = Mean time per level.
                   A        B        C        D        E       F      G
               +--------+--------+--------+--------+--------+-----+--------+
         Total |  12209 |  11732 |    477 |   5022 |   5191 |   8 | 1526.1 |
       Dungeon |  11467 |  11153 |    314 |   4615 |   5033 |   7 | 1638.1 |
        Temple |    742 |    579 |    163 |    407 |    158 |   1 |  742.0 |
               +--------+--------+--------+--------+--------+-----+--------+

Top non-repeatable levels by time:
     D:6: 4959 daAuts
     D:4: 1307 daAuts
     D:5: 1226 daAuts
     D:3: 1194 daAuts
     D:7: 1183 daAuts
     D:1: 821 daAuts
     D:2: 773 daAuts
  Temple: 742 daAuts
